 Dungeon Crawl Stone Soup version 0.27.0-1-g7a089689b8 (webtiles) character file.

Game seed: 16480099978848286215

123942 Gunterle the Warrior (level 17, -17/131 HPs)
             Began as a Djinni Delver on Aug 4, 2021.
             Was the Champion of the Shining One.
             Demolished by a two-headed ogre (27 damage)
             ... while paralysed by an ogre mage
             ... on level 13 of the Dungeon.
             The game lasted 02:34:19 (34571 turns).

Gunterle the Warrior (Djinni Delver)               Turns: 34571, Time: 02:34:20

Health: -17/131    AC: 13    Str: 13    XL:     17   Next: 46%
Gold:   1559       EV:  2    Int: 27    God:    the Shining One [******] SH:  0 Dex: 15

rFire    + + +     SeeInvis .   B - +3 double sword
rCold    x . .     Faith    .   y - +0 buckler
rNeg     + + +     Spirit   .   P - +0 acid dragon scales
rPois    ∞         Reflect  .   (no helmet)
rElec    .         Harm     .   s - +1 cloak
rCorr    +         Rampage  .   (no gloves)
Will     .....                  (boots unavailable)
Stlth    +.........             J - amulet "Eqiklik" {Acrobat rN+ rCorr Int+4}
HPRegen  0.31/turn              h - +4 ring of protection
MPRegen  0.00/turn              I - ring "Feos" {+Blink rF+ Will- Int+6}

@: paralysed, flying, glowing
A: sickness immunity, fire resistance 2, cold vulnerability 1, float, innate
caster, hp casting, extra vitality 1
a: Renounce Religion, Evoke Blink, Divine Shield, Cleansing Flame, Summon Divine
Warrior, Brand Weapon With Holy Wrath


You were on level 13 of the Dungeon.
You worshipped the Shining One.
The Shining One was exalted by your worship.
You visited 4 branches of the dungeon, and saw 22 of its levels.
You also visited: Bailey.

You collected 2093 gold pieces.
You spent 534 gold pieces at shops.

Inventory:

Hand Weapons
 l - a +0 dagger of electrocution
 t - a +2 great sword of holy wrath
 B - a +3 double sword (weapon)
Missiles
 a - 28 boomerangs
 e - 5 curare-tipped darts (quivered)
 N - 45 poisoned darts
Armour
 s - a +1 cloak (worn)
 x - a +2 robe of resistance
 y - a +0 buckler (worn)
 G - a scarf of resistance
 K - a scarf of invisibility
 P - +0 acid dragon scales (worn)
Jewellery
 d - a ring of willpower
 h - a +4 ring of protection (left hand)
 q - a +4 ring of evasion
 A - the ring "Xiazxih" {rElec rCorr SInv}
   (You bought it in a shop on level 11 of the Dungeon)

   [ring of resist corrosion]

   rElec:     It insulates you from electricity.
   SInv:      It lets you see invisible.
   rCorr:     It protects you from acid and corrosion.
 I - the ring "Feos" (right hand) {+Blink rF+ Will- Int+6}
   (You acquired it on level 5 of the Dungeon)

   [ring of intelligence]

   Int:       It affects your intelligence (+6).
   rF:        It protects you from fire.
   +Blink:    It lets you blink.
   Will:      It decreases your willpower.
 J - the amulet "Eqiklik" (around neck) {Acrobat rN+ rCorr Int+4}
   (You acquired it on level 5 of the Dungeon)

   [amulet of the acrobat]

   It increases your evasion while moving and waiting.
   Int:       It affects your intelligence (+4).
   rN:        It protects you from negative energy.
   rCorr:     It protects you from acid and corrosion.
Wands
 g - a wand of digging (2)
 k - a wand of flame (29)
 z - a wand of polymorph (25)
 D - a wand of paralysis (9)
Scrolls
 c - 4 scrolls of fog
 f - 4 scrolls of vulnerability
 m - a scroll of fear
 n - 4 scrolls of teleportation
 o - 5 scrolls of magic mapping
 p - 3 scrolls of identify
 C - a scroll of summoning
 L - a scroll of holy word
 T - a scroll of blinking
Potions
 b - a potion of resistance
 i - 3 potions of haste
 j - 2 potions of mutation
 r - a potion of berserk rage
 v - 6 potions of curing
 w - a potion of cancellation
 F - a potion of heal wounds
 H - a potion of might
 Q - 4 potions of brilliance
 R - a potion of ambrosia
 U - 2 potions of attraction
Miscellaneous
 O - a phial of floods
 S - a phantom mirror


   Skills:
 * Level 15.0 Fighting
 * Level 14.5 Long Blades
 - Level 5.0 Armour
 + Level 14.8 Dodging
 - Level 4.1 Stealth
 - Level 4.0 Shields
 + Level 10.6 Spellcasting
 + Level 7.9 Invocations
 + Level 3.8 Evocations


You had 6 spell levels left.
You knew the following spells:

 Your Spells              Type           Power      Damage    Failure   Level
a - Foxfire               Conj/Fire      100%       2x1d9     1%          1
b - Ensorcelled Hibernat  Hex/Ice        100%       N/A       1%          2
c - Call Imp              Summ           64%        N/A       1%          2
d - Passage of Golubria   Tloc           N/A        N/A       1%          4
e - Iskenderun's Mystic   Conj/Tloc      64%        2d13      1%          4
f - Silence               Hex/Air        32%        N/A       1%          5
g - Shadow Creatures      Summ           N/A        N/A       11%         6
h - Summon Hydra          Summ           32%        N/A       52%         7
Your spell library was empty.

Dungeon Overview and Level Annotations

Branches:
Dungeon (13/15)            Temple (1/1) D:4            Lair (6/6) D:9
 Shoals (0/4) Lair:4        Snake (0/4) Lair:2        Slime (0/5) Lair:6
    Orc (2/2) D:12            Elf (0/3) Orc:2        Vaults (0/5) D:13
 Bailey (visited)

Altars:
Ashenzari
Cheibriados
Dithmenos
Elyvilon
Fedhas
Gozag
Hepliaklqana
Kikubaaqudgha
Makhleb
Nemelex Xobeh
Okawaru
Qazlal
Ru
Sif Muna
Trog
Uskayaw
Vehumet
Wu Jian
Xom
Yredelemnul
Zin
The Shining One
Beogh

Shops:
D:11 =   Orc:2 [(

Portals:
Hell: Lair:6

Annotations:
Orc:2 Saint Roka


Innate Abilities, Weirdness & Mutations

You are immune to sickness and miasma.
You are immune to poison.
Your flesh is very heat resistant. (rF++)
You are vulnerable to cold. (rC-)
You float through the air rather than walking.
You learn spells naturally, not from books.
Your magical power is your life essence.
You have superior vitality. (+4 HP)


Message History

a +0 giant club; a +0 giant spiked club; a +1 pair of gloves
Casting: Iskenderun's Mystic Blast (mildly dangerous; 1% risk of failure)
Confirm with . or Enter, or press ? or * to list all spells.
You erupt in a blast of force!
The mystic blast hits the centaur warrior!
The centaur warrior is severely wounded.
The centaur warrior is knocked back by the mystic blast.
The mystic blast hits the two-headed ogre.
The two-headed ogre is lightly wounded.
The two-headed ogre is knocked back by the mystic blast.
The two-headed ogre collides with the ogre!
The mystic blast hits the ogre mage!!
The ogre mage is almost dead.
The mystic blast hits the two-headed ogre.
The two-headed ogre is moderately wounded.
The two-headed ogre is knocked back by the mystic blast.
The two-headed ogre collides with the two-headed ogre!
The ogre mage casts a spell.
The ogre mage flickers and vanishes for a moment.
The two-headed ogre closely misses you. The two-headed ogre misses you.
The ogre mage points at you and mumbles some strange words.
You suddenly lose the ability to move!
The two-headed ogre hits you with a +0 giant club. x2
The ogre mage points at you and mumbles some strange words.
The bolt of magma hits you! You partially resist.
The two-headed ogre completely misses you.
The two-headed ogre hits you with a +0 giant club!
* * * LOW HITPOINT WARNING * * *
The ogre mage hits you with a +0 flail.
* * * LOW HITPOINT WARNING * * *
The two-headed ogre hits you with a +0 giant club!
* * * LOW HITPOINT WARNING * * *
The two-headed ogre hits you with a +0 giant club!
* * * LOW HITPOINT WARNING * * *
The ogre mage casts a spell at you.
You shrug off the repeated paralysis!
The two-headed ogre hits you with a +0 giant club!!
The Shining One protects you from harm!
The two-headed ogre hits you with a +0 giant club!!
You die...

####....########...######
..................:......
####.....###...#...######
##.....##...#...#
#.....##...#...#
#.....######...# ####.##
#...# # #.# #...# ###
###.###@# #...# #..
....OOOO# ########..
###.###c# .......... #R#
#######.## #°# #.## #)#
#.## #.# #.## #.# #.##
#○# #.##


You could see a centaur warrior, 2 two-headed ogres, an ogre mage (invisible),
an efreet and an ogre.

Vanquished Creatures
  An orc warlord (Orc:2)
  2 dire elephants
  Josephine (Lair:6)
  12 hydras
  A vault guard (D:13)
  A boulder beetle (Lair:4)
  8 death yaks
  9 two-headed ogres
  Urug (Lair:5)
  A sun demon (Lair:6)
  Sonja (D:11)
  Nergalle (Lair:2)
  A fire crab (Lair:6)
  A wizard (Lair:6)
  3 necromancers (D:13)
  6 orc knights
  4 orc sorcerers
  3 oklob plants (Lair:1)
  3 cyclopes
  An ugly thing (D:13)
  6 black mambas
  A torpor snail (Lair:6)
  Maurice (D:12)
  A smoke demon (Lair:6)
  10 elephants
  20 cane toads
  A gargoyle (D:12)
  4 orange demons (Lair:6)
  4 rime drakes
  Psyche (D:11)
  Maggie (Lair:1)
  An unseen horror (D:12)
  8 komodo dragons
  A kobold demonologist (D:9)
  An ice devil (Lair:6)
  11 trolls
  3 meliai
  2 polar bears
  A red devil (Lair:6)
  A hornet (D:9)
  6 dream sheep (Lair:5)
  16 blink frogs
  7 slime creatures
  Sigmund (D:6)
  2 shadows
  A vampire (D:10)
  3 wraiths (Lair:6)
  52 yaks
  6 wyverns
  19 humans (D:13)
  4 basilisks
  4 wargs
  20 water moccasins
  3 nagas (Lair:2)
  2 acid dragons
  4 hell hounds (Lair:6)
  45 orc warriors
  7 black bears
  A sky beast (D:6)
  12 wolves
  6 centaurs
  10 ogres
  Blork the orc (D:4)
  10 kobold brigands
  2 gnoll sergeants
  2 scorpions
  13 bullfrogs
  2 water moccasin skeletons
  4 killer bees (D:9)
  An electric eel (Lair:2)
  3 howler monkeys
  7 centaur zombies
  A bullfrog skeleton (D:7)
  4 jellies
  21 orc priests
  A centaur skeleton (D:7)
  4 iguanas
  23 orc wizards
  A killer bee zombie (D:9)
  A hound skeleton (D:4)
  2 howler monkey zombies
  25 gnolls
  7 adders
  A white imp (D:7)
  An ufetubus (D:6)
  3 worms
  4 dart slugs
  107 orcs
  7 endoplasms
  4 giant cockroaches
  22 hobgoblins
  4 jackals
  6 quokkas
  10 ball pythons
  9 bats
  3 frilled lizards
  15 goblins
  16 kobolds
  7 rats
  A spectral hobgoblin (D:2)
  2 butterflies
728 creatures vanquished.

Vanquished Creatures (collateral kills)
  A human (D:13)
  4 foxfires (Lair:2)
5 creatures vanquished.

Vanquished Creatures (others)
  A komodo dragon (D:12)
  A human (D:13)
  724 foxfires
  74 fungi
  77 plants
877 creatures vanquished.

Grand Total: 1610 creatures vanquished

Notes
Turn   | Place    | Note
-------+----------+-------------------------------------------
     0 | D:5      | Gunterle the Djinni Delver began the quest for the Orb.
     0 | D:5      | Reached XP level 1. HP: 20/20 MP: 0/0
    17 | D:5      | Noticed an orc priest
    30 | D:7      | Noticed a jelly
    50 | D:5      | Found a broken altar of Ashenzari.
    66 | D:5      | Found a shadowy altar of Dithmenos.
    68 | D:5      | Found a sparkling altar of Nemelex Xobeh.
    96 | D:5      | Noticed an iguana
   156 | D:5      | Noticed a jelly
   159 | D:4      | Noticed a water moccasin
   159 | D:4      | Noticed Blork the orc
   757 | D:3      | Found a hide-covered altar of Uskayaw.
   760 | D:3      | Found an iron altar of Okawaru.
   889 | D:3      | Reached XP level 2. HP: 23/25 MP: 0/0
   914 | D:3      | Noticed a howler monkey
  1080 | D:3      | Reached XP level 3. HP: 29/30 MP: 0/0
  1080 | D:3      | Learned a level 1 spell: Foxfire
  1300 | D:3      | Found a glowing golden altar of the Shining One.
  1304 | D:3      | Became a worshipper of the Shining One
  1430 | D:3      | Reached XP level 4. HP: 17/37 MP: 0/0
  1904 | D:2      | Reached skill level 4 in Fighting
  1913 | D:2      | Found a faded altar of an unknown god.
  2355 | D:1      | Reached XP level 5. HP: 33/41 MP: 0/0
  2355 | D:1      | Learned a level 2 spell: Ensorcelled Hibernation
  4116 | D:3      | Reached skill level 1 in Armour
  4263 | D:4      | Killed Blork the orc
  4264 | D:4      | Reached XP level 6. HP: 47/48 MP: 0/0
  4269 | D:4      | Found a staircase to the Ecumenical Temple.
  4290 | Temple   | Entered the Ecumenical Temple
  4457 | D:4      | Killed a water moccasin
  4458 | D:4      | Reached XP level 7. HP: 11/53 MP: 0/0
  4458 | D:4      | Learned a level 2 spell: Call Imp
  5013 | D:4      | Reached * piety under the Shining One
  5014 | D:4      | Reached skill level 5 in Fighting
  6266 | D:5      | Identified 3 scrolls of acquirement
  6266 | D:5      | Acquired the ring "Feos" {+Blink rF+ Will- Int+6}
  6333 | D:5      | Acquired the amulet "Eqiklik" {Acrobat rN+ rCorr Int+4}
  6336 | D:5      | Acquired a manual of Spellcasting
  6447 | D:6      | Reached XP level 8. HP: 54/60 MP: 0/0
  6507 | D:6      | Reached skill level 1 in Spellcasting
  6577 | D:6      | Noticed Sigmund
  6583 | D:6      | Killed Sigmund
  6584 | D:6      | Reached skill level 5 in Long Blades
  6650 | D:6      | Reached skill level 6 in Fighting
  7493 | D:7      | Reached XP level 9. HP: 53/67 MP: 0/0
  7493 | D:7      | Learned a level 4 spell: Passage of Golubria
  7684 | D:7      | Found a blossoming altar of Fedhas.
  8288 | D:7      | Reached skill level 7 in Fighting
  9045 | D:8      | Reached skill level 5 in Dodging
  9459 | D:8      | Found a snail-covered altar of Cheibriados.
  9462 | D:8      | Reached ** piety under the Shining One
  9475 | D:8      | Reached skill level 5 in Armour
  9475 | D:8      | Reached XP level 10. HP: 69/76 MP: 0/0
  9666 | D:8      | Reached skill level 8 in Fighting
  9706 | D:9      | Found a staircase to the Lair.
  9741 | D:8      | Reached skill level 5 in Spellcasting
  9753 | D:9      | Noticed a komodo dragon
 10268 | D:9      | Noticed a two-headed ogre
 10286 | D:8      | Killed a two-headed ogre
 10485 | D:9      | Noticed a two-headed ogre
 10489 | D:9      | Killed a two-headed ogre
 10490 | D:9      | Reached skill level 9 in Fighting
 10490 | D:9      | Reached skill level 1 in Shields
 10568 | D:9      | Reached XP level 11. HP: 80/84 MP: 0/0
 10568 | D:9      | Learned a level 4 spell: Iskenderun's Mystic Blast
 11453 | D:9      | Found a shimmering altar of Xom.
 11690 | D:10     | Entered Level 10 of the Dungeon
 11793 | D:10     | Found a flagged portal.
 11807 | Bailey   | Entered a bailey
 11976 | Bailey   | Noticed an orc knight
 11980 | Bailey   | Noticed an orc knight
 12151 | Bailey   | Killed an orc knight
 12152 | Bailey   | Reached skill level 10 in Fighting
 12311 | Bailey   | Killed an orc knight
 12592 | Bailey   | Noticed an orc warlord
 13061 | D:10     | Reached *** piety under the Shining One
 13373 | D:10     | Reached XP level 12. HP: 89/92 MP: 0/0
 13490 | D:11     | Noticed a two-headed ogre
 13490 | D:11     | Noticed a four-headed hydra
 13490 | D:11     | Noticed Sonja
 13695 | Lair:1   | Entered Level 1 of the Lair of Beasts
 14090 | Lair:1   | Reached skill level 10 in Dodging
 14439 | D:9      | Reached skill level 11 in Fighting
 14566 | Lair:1   | Reached skill level 10 in Long Blades
 14731 | Lair:1   | Noticed Maggie
 14751 | Lair:1   | Killed Maggie
 14752 | Lair:1   | Reached skill level 1 in Invocations
 16532 | Lair:2   | Reached XP level 13. HP: 71/100 MP: 0/0
 16532 | Lair:2   | Learned a level 5 spell: Silence
 17017 | Lair:2   | Found a staircase to the Snake Pit.
 17130 | Lair:2   | Noticed Nergalle
 17164 | Lair:2   | Killed Nergalle
 17511 | Lair:3   | Identified the +3 leather armour of Resilience {Will- Str+4
                  | Int+5}
 18659 | Lair:4   | Noticed a five-headed hydra
 18659 | Lair:4   | Noticed a six-headed hydra
 18661 | Lair:4   | Reached skill level 12 in Fighting
 19115 | D:11     | Killed a four-headed hydra
 19488 | D:11     | Killed Sonja
 19670 | D:11     | Noticed Psyche
 19695 | D:11     | Killed Psyche
 19756 | D:11     | Found Xiametre's Jewellery Boutique.
 19766 | D:11     | Bought the ring "Xiazxih" {rElec rCorr SInv} for 534 gold
                  | pieces
 20032 | D:11     | Identified the +6 flail of the Final Chapter {spect, +Rage}
 20124 | D:12     | Noticed a six-headed hydra
 20138 | D:12     | Killed a six-headed hydra
 20363 | D:12     | Reached **** piety under the Shining One
 20917 | D:12     | Found a staircase to the Orcish Mines.
 21531 | D:12     | Noticed Maurice
 21542 | D:12     | Killed Maurice
 21930 | Orc:1    | Entered Level 1 of the Orcish Mines
 22098 | Orc:2    | Entered Level 2 of the Orcish Mines
 22252 | Orc:1    | Reached XP level 14. HP: 33/108 MP: 0/0
 23399 | Orc:2    | Noticed an orc warlord
 23439 | Orc:2    | Killed an orc warlord
 23440 | Orc:2    | Reached skill level 13 in Fighting
 23440 | Orc:2    | Reached skill level 5 in Invocations
 24327 | Orc:2    | Reached ***** piety under the Shining One
 24784 | Orc:2    | Found Esoupih's Weapon Emporium.
 24795 | Orc:2    | Found Rucs's Armour Shoppe.
 25338 | Orc:2    | Found a staircase to the Elven Halls.
 25389 | Orc:2    | Noticed Saint Roka
 26221 | Lair:4   | Found a staircase to the Shoals.
 27211 | Lair:5   | Noticed Urug
 27554 | Lair:3   | Reached skill level 10 in Spellcasting
 27876 | Lair:5   | Killed Urug
 27877 | Lair:5   | Reached XP level 15. HP: 36/116 MP: 0/0
 27877 | Lair:5   | Learned a level 6 spell: Shadow Creatures
 29179 | Lair:6   | Entered Level 6 of the Lair of Beasts
 29192 | Lair:6   | Reached skill level 14 in Fighting
 29912 | Lair:6   | Reached skill level 1 in Evocations
 30816 | Lair:6   | Noticed Josephine
 30831 | Lair:6   | Killed Josephine
 31223 | Lair:6   | Found a staircase to the Slime Pits.
 31514 | Lair:6   | Reached ****** piety under the Shining One
 31820 | Lair:6   | Reached XP level 16. HP: 114/124 MP: 0/0
 33274 | Lair:6   | Found a burning altar of Makhleb.
 33302 | Lair:6   | Found a gateway to Hell.
 33945 | D:9      | Reached XP level 17. HP: 130/130 MP: 0/0
 33945 | D:9      | Learned a level 7 spell: Summon Hydra
 34126 | D:13     | Found a gate to the Vaults.
 34557 | D:13     | Reached skill level 15 in Fighting
 34565 | D:13     | Paralysed by an ogre mage for 7 turns
 34571 | D:13     | The Shining One protects you from harm!
 34571 | D:13     | Demolished by a two-headed ogre

Illustrated notes

Levels and vault maps discovered:
D:1:      nagdon_arrival_double_spiral, layout_basic
D:2:      layout_basic, dreamdust_ecumenical_altar_drowned_temple, nrook_uturn,
          minmay_misc_feat_more_columns, minmay_circle_x
D:3:      minmay_skewed_foursquare, layout_basic, general_overflow_altar,
          grunt_temple_overflow_open, chequers_big_river
D:4:      layout_loops_ring, minmay_temple_entry_statues_fountains,
          serial_bayou_ford_a, uniq_blork_the_orc
D:5:      layout_loops_ring, mainiacjoe_overflow_tiny_flanked, minitemple
D:6:      layout_basic, hex_large, minivault_4, uniq_sigmund
D:7:      layout_loops_cross, mainiacjoe_overflow_paths, grunt_decor_one_mirror
D:8:      layout_gridville, cheibriados_altar_1
D:9:      layout_gridville, mainiacjoe_overflow_brackets,
          due_lair_maze_entry_diamond, special_room [special_room_kobold],
          kennysheep_small_circle
D:10:     layout_basic, enter_bailey_4, kennysheep_cluttered_room, minivault_26
D:11:     layout_rooms, serial_shops, kennysheep_mini, uniq_sonja, uniq_psyche
D:12:     layout_basic, david_orc_2, minmay_puff, uniq_maurice
D:13:     layout_basic, grunt_vaults_entry_tiered, ebering_ghost_disaster_area
Temple:   cyrus_temple_forest
Lair:1:   layout_layer_cave, beast_lair_carwin_2, minmay_lair_oklob_chamber,
          lemuel_fruit_tree, uniq_maggie
Lair:2:   layout_cave_pods, guppyfry_snake_entry_island, serial_bayou_pond_c,
          serial_bayou_shore_b, lemuel_fruit_fields,
          infiniplex_staircase_pool_2, uniq_nergalle
Lair:3:   layout_cave_pods, chequers_serial_rivers_micro_c
Lair:4:   layout_hall_layers, minmay_shoals_entry_centaurs,
          infiniplex_staircase_pool, grunt_megastairs_5
Lair:5:   layout_long_grid, uniq_urug
Lair:6:   evil_forest, layout_gridlike, minmay_slime_entry_pillars,
          guppyfry_lair_drakes, grunt_megastairs_2, lemuel_fruit_fields,
          serial_bayou_shore_b, uniq_josephine
Orc:1:    layout_diamond_mine, minmay_orc_keep
Orc:2:    pubby_orc_utopia

Skill      XL: |  1  2  3  4  5  6  7  8  9 10 11 12 13 14 15 16 17 |
---------------+----------------------------------------------------+-----
Long Blades    | 2 3 4 5 6 8 9 10 11 12 13 14 | 14.5
Fighting       | 4 5 6 7 9 10 11 12 13 14 15 | 15.0
Dodging        | 3 4 5 7 9 11 12 13 14 | 14.8
Armour         | 1 2 3 4 5 |  5.0
Spellcasting   | 2 4 5 7 8 9 10 | 10.6
Shields        | 2 4 |  4.0
Invocations    | 2 4 6 7 |  7.9
Evocations     | 2 3 |  3.8
Stealth        | |  4.1

Action                   |  1- 3 |  4- 6 |  7- 9 | 10-12 | 13-15 | 16-18 || total
-------------------------+-------+-------+-------+-------+-------+-------++-------
Melee: Falchion          |    51 |   207 |    14 |       |       |       ||   272
       Double sword      |       |       |   191 |   310 |   511 |    45 ||  1057
       Dagger            |       |       |       |       |    94 |       ||    94
Throw: Stone             |    23 |    13 |     5 |       |       |       ||    41
       Dart              |       |       |     1 |    45 |    52 |     2 ||   100
       Boomerang         |       |       |       |    17 |     1 |       ||    18
       Throwing net      |       |       |       |     2 |       |       ||     2
 Cast: Foxfire           |       |     8 |    58 |   150 |   189 |     8 ||   413
       Ensorcelled Hiber |       |       |     2 |     1 |       |       ||     3
       Passage of Golubr |       |       |       |     1 |       |       ||     1
       Iskenderun's Myst |       |       |       |    67 |   237 |    64 ||   368
       Silence           |       |       |       |       |     2 |       ||     2
       Shadow Creatures  |       |       |       |       |       |     1 ||     1
Invok: Divine Shield     |       |       |       |     4 |     2 |       ||     6
Evoke: Wand              |     4 |       |       |    22 |    24 |    10 ||    60
  Use: Scroll            |     2 |       |    11 |    12 |    13 |     2 ||    40
       Potion            |       |     1 |       |     4 |     6 |     1 ||    12
Armor: Leather armour    |    19 |    70 |    41 |       |       |       ||   130
       Acid dragon scale |       |       |    19 |    88 |    76 |     9 ||   192
       Skin              |       |       |       |    10 |       |       ||    10
Dodge: Dodged            |    26 |   157 |   195 |   291 |   479 |    58 ||  1206
Block: Other             |       |       |     1 |     4 |       |       ||     5
       Buckler           |       |       |       |    21 |   113 |    14 ||   148
       Rpst.: Falchion   |    10 |    51 |     2 |       |       |       ||    63
       Double sword      |       |       |    51 |    84 |   113 |     9 ||   257
